 Dungeon Sprint DCSS version 0.28-a0-10-g964c8b829e (webtiles) character file.

Game seed: 269778987771715624

5034723 mhtbhm the Minotaur Barricade (level 23, 203/240 HPs)
             Began as a Minotaur Fighter on July 25, 2021.
             Was the Champion of Qazlal.
             Escaped with the Orb
             ... and 3 runes!
             The game lasted 00:39:42 (13063 turns).

mhtbhm the Minotaur Barricade (Minotaur Fighter)   Turns: 13063, Time: 00:39:42

Health: 203/240    AC: 48    Str: 37    XL:     23   Next: 21%
Magic:  46/49      EV: 15    Int:  4    God:    Qazlal [******]
Gold:   261        SH: 40    Dex:  8    Spells: 61/69 levels left

rFire   + + .      SeeInvis +   F - +9 broad axe (freeze)
rCold   + + +      Faith    .   c - +3 tower shield {rN+}
rNeg    + + +      Spirit   +   b - +9 scales of the Dragon King {rPois rF+ rC+ Will+}
rPois   +          Reflect  .   I - +0 hat {Will+}
rElec   +          Harm     .   G - +2 cloak
rCorr   .          Rampage  +   A - +2 pair of gloves
Will    ++++.      NoTele   +   r - +2 pair of boots {rampage}
Stlth   +.........              R - amulet "Zucwehoi" {Spirit rElec rF+ SInv}
HPRegen 0.50/turn               Q - ring of Life {rC++ rN++ Int+2 Slay+5}
MPRegen 0.31/turn               U - ring of Kutrifau {rPois Will+ Str+6 Int-5 Slay+5}

@: studying 2 skills, repel missiles
A: horns 2, retaliatory headbutt, talons 1, clever 1, clumsy 1, screaming 1
0: Orb of Zot
}: 3/3 runes: silver, golden, iron
a: Renounce Religion, Upheaval, Elemental Force, Disaster Area


You escaped.
You worshipped Qazlal.
Qazlal was exalted by your worship.
You visited 1 branch You collected 261 gold pieces.

Inventory:

Hand Weapons
 a - a +1 broad axe of draining
 F - a +9 broad axe of freezing (weapon)
 N - the +8 whip "Snakebite" {venom, curare, rPois}
   (You found it in the Dungeon)

   It poisons the flesh of those it strikes.
   It occasionally inflicts asphyxiating poison on those it strikes, dealing
   poison damage and causing slowness.
   rPois:     It protects you from poison.
Missiles
 f - 6 atropa-tipped darts
 L - a curare-tipped dart
 M - 2 throwing nets
Armour
 b - the +9 scales of the Dragon King (worn) {rPois rF+ rC+ Will+}
   (You took it off an iron imp in the Dungeon)

   rF:        It protects you from fire.
   rC:        It protects you from cold.
   rPois:     It protects you from poison.
   Will:      It increases your willpower.
 c - a +3 tower shield of positive energy (worn)
 r - a +2 pair of boots of rampaging (worn)
 A - a +2 pair of gloves (worn)
 C - the +4 Cigotuvi's embrace {rMiasma Drain rN+}
   (You took it off an orc sorcerer in the Dungeon)

   It gathers nearby corpses to temporarily increase the armour it provides.
   It protects you from foul pestilence.
   rN:        It protects you from negative energy.
   Drain:     It drains your maximum health when unequipped.
 G - a +2 cloak (worn)
 I - a +0 hat of willpower (worn)
Jewellery
 i - the ring "Utumoa" {rPois Int+6}
   (You found it in the Dungeon)

   [ring of intelligence]

   Int:       It affects your intelligence (+6).
   rPois:     It protects you from poison.
 x - the amulet "Soidist" {Reflect rC+++ Will+ Str-4 SH+5}
   (You took it off a daeva in the Dungeon)

   [amulet of reflection]

   It reflects blocked missile attacks.
   Str:       It affects your strength (-4).
   rC:        It renders you almost immune to cold.
   SH:        It affects your SH (+5).
   Will:      It increases your willpower.
 Q - the ring of Life (left hand) {rC++ rN++ Int+2 Slay+5}
   (You found it in the Dungeon)

   [ring of slaying]

   Int:       It affects your intelligence (+2).
   Slay:      It affects your accuracy & damage with ranged weapons and melee
   (+5).
   rC:        It greatly protects you from cold.
   rN:        It greatly protects you from negative energy.
 R - the amulet "Zucwehoi" (around neck) {Spirit rElec rF+ SInv}
   (You found it in the Dungeon)

   [amulet of guardian spirit]

   It causes incoming damage to be divided between your reserves of health and
   magic.
   rF:        It protects you from fire.
   rElec:     It insulates you from electricity.
   SInv:      It lets you see invisible.
 U - the ring of Kutrifau (right hand) {rPois Will+ Str+6 Int-5 Slay+5}
   (You found it in the Dungeon)

   [ring of slaying]

   Str:       It affects your strength (+6).
   Int:       It affects your intelligence (-5).
   Slay:      It affects your accuracy & damage with ranged weapons and melee
   (+5).
   rPois:     It protects you from poison.
   Will:      It increases your willpower.
 V - the ring of Udof {rElec rPois rF+ Will+ Slay+2}
   (You found it in the Dungeon)

   [ring of poison resistance]

   Slay:      It affects your accuracy & damage with ranged weapons and melee
   (+2).
   rF:        It protects you from fire.
   rElec:     It insulates you from electricity.
   rPois:     It protects you from poison.
   Will:      It increases your willpower.
Wands
 n - a wand of acid (5)
 s - a wand of polymorph (9)
 y - a wand of mindburst (13) (quivered)
Scrolls
 j - a scroll of blinking
 l - 9 scrolls of amnesia
 m - a scroll of summoning
 t - a scroll of fear
 u - 7 scrolls of identify
 v - 6 scrolls of fog
 w - 8 scrolls of enchant armour
 z - 4 scrolls of enchant weapon
 O - a scroll of immolation
 T - a scroll of holy word
 W - a scroll of magic mapping
Potions
 d - 3 potions of might
 e - 6 potions of curing
 g - 9 potions of haste
 h - 6 potions of magic
 k - a potion of invisibility
 p - 6 potions of brilliance
 q - 4 potions of mutation
 B - a potion of lignification
 J - 2 potions of resistance {unknown}
 S - 20 potions of heal wounds
Miscellaneous
 o - a condenser vane
 D - a box of beasts
 E - a phantom mirror
 K - a tin of tremorstones (2/2)


   Skills:
 O Level 27 Fighting
 - Level 3.1(3.6) Short Blades
 - Level 2.9(3.7) Long Blades
 O Level 27 Axes
 - Level 3.0(19.0) Maces & Flails
 - Level 4.3(19.1) Polearms
 - Level 3.0(4.6) Staves
 - Level 2.6(20.2) Slings
 - Level 3.1 Bows
 - Level 3.0 Crossbows
 O Level 27 Throwing
 O Level 27 Armour
 O Level 27 Dodging
 O Level 27 Stealth
 O Level 27 Shields
 - Level 3.1 Unarmed Combat
 + Level 23.8 Spellcasting
 - Level 2.0 Conjurations
 - Level 1.8 Hexes
 - Level 2.0 Summonings
 - Level 2.0 Necromancy
 - Level 2.0 Translocations
 - Level 2.2 Transmutations
 - Level 2.0 Fire Magic
 - Level 2.0 Ice Magic
 + Level 23.4 Air Magic
 - Level 2.2 Earth Magic
 - Level 2.0 Poison Magic
 O Level 27 Invocations
 O Level 27 Evocations


You had 61 spell levels left.
You knew the following spells:

 Your Spells              Type           Power      Damage    Failure   Level
a - Maxwell's Capacitive  Air            11%        ∞         9%          8

Your spell library contained the following spells:

 Spells                   Type           Power      Damage    Failure   Level
 Poisonous Vapours        Pois/Air       30%        N/A       1%          2
 Static Discharge         Conj/Air       15%        N/A       1%          2
 Mephitic Cloud           Conj/Pois/Air  12%        N/A       1%          3
 Summon Lightning Spire   Summ/Air       15%        N/A       1%          4
 Lightning Bolt           Conj/Air       7%         1d20      2%          5
 Silence                  Hex/Air        7%         N/A       3%          5
 Sandblast                Erth           12%        2d6       8%          1
 Magic Dart               Conj           24%        1d4       9%          1
 Corona                   Hex            6%         N/A       10%         1
 Passwall                 Tmut/Erth      5%         N/A       12%         2
 Freezing Cloud           Conj/Ice/Air   6%         6-21      12%         5
 Blink                    Tloc           N/A        N/A       13%         2
 Ensorcelled Hibernation  Hex/Ice        12%        N/A       13%         2
 Searing Ray              Conj           12%        3d3       13%         2
 Slow                     Hex            6%         N/A       14%         2
 Ignite Poison            Fire/Tmut/Pois 6%         N/A       24%         3
 Stone Arrow              Conj/Erth      12%        3d7       24%         3
 Frozen Ramparts          Ice            12%        1d3       26%         3
 Gell's Gravitas          Tloc           3%         N/A       26%         3
 Inner Flame              Hex/Fire       6%         N/A       26%         3
 Lesser Beckoning         Tloc           3%         N/A       26%         3
 Summon Guardian Golem    Hex/Summ       6%         N/A       26%         3
 Teleport Other           Tloc           6%         N/A       26%         3
 Vampiric Draining        Necr           3%         2d6       26%         3
 Confusing Touch          Hex            6%         N/A       28%         3
 Tukima's Dance           Hex            6%         N/A       28%         3
 Animate Armour           Summ/Erth      12%        N/A       63%         4
 Dispel Undead            Necr           6%         3d8       63%         4
 Hailstorm                Conj/Ice       6%         3d4       63%         4
 Ice Form                 Ice/Tmut       6%         N/A       63%         4
 Summon Ice Beast         Ice/Summ       6%         N/A       63%         4
 Storm Form               Tmut/Air       7%         N/A       63%         7
 Fulminant Prism          Conj/Hex       3%         3d6       65%         4
 Blade Hands              Tmut           3%         N/A       91%         5
 Lee's Rapid Deconstruct  Erth           3%         3d6*      91%         5
 Alistair's Intoxication  Tmut/Pois      4%         N/A       92%         5
 Bolt of Magma            Conj/Fire/Erth 3%         4d5       92%         5
 Borgnjor's Vile Clutch   Necr/Erth      3%         N/A       92%         5
 Irradiate                Conj/Tmut      3%         3d15      92%         5
 Manifold Assault         Tloc           6%         N/A       93%         5
 Summon Forest            Summ/Tloc      3%         N/A       93%         5
 Yara's Violent Unravell  Hex/Tmut       3%         3d4       93%         5
 Summon Mana Viper        Hex/Summ       6%         N/A       94%         5
 Dispersal                Tloc           3%         N/A       100%        6
 Eringya's Noxious Bog    Tmut/Pois      3%         N/A       100%        6
 Shadow Creatures         Summ           N/A        N/A       100%        6
 Dragon Form              Tmut           3%         N/A       100%        7
 Monstrous Menagerie      Summ           3%         N/A       100%        7
 Disjunction              Tloc           3%         N/A       100%        8
 Lehudib's Crystal Spear  Conj/Erth      3%         10d2      100%        8
 Necromutation            Tmut/Necr      3%         N/A       100%        8


Dungeon Overview and Level Annotations

Branches:
Dungeon (1/1)

Altars:
Ashenzari
Cheibriados
Dithmenos
Elyvilon
Fedhas
Gozag
Hepliaklqana
Kikubaaqudgha
Makhleb
Nemelex Xobeh
Okawaru
Qazlal
Ru
Sif Muna
Trog
Uskayaw
Vehumet
Wu Jian
Xom
Yredelemnul
Zin
The Shining One
Beogh
Jiyva
Lugonu


Innate Abilities, Weirdness & Mutations

You have a pair of horns on your head.
You reflexively headbutt those who attack you in melee.
You have sharp toenails.
Your mind is acute. (Int +2)
You are clumsy. (Dex -2)
You occasionally shout uncontrollably at your foes.


Message History

You slice the Tzitzimitl!!
You kill the Tzitzimitl!
Qazlal accepts your kill.
No target in view!
No target in view!
No target in view!
No target in view!
No target in view!
No target in view!
No target in view!
No target in view!
A soul eater comes into view.
The soul eater moves out of view.
There is a huge open gate leading to the Armoury (Hard) here.
There is a huge open gate to the Main Hall (Safe) here.
You rampage towards the soul eater!
You rampage towards the soul eater!
You slice the soul eater!! You freeze the soul eater.
You headbutt the soul eater!!
The soul eater is almost dead.
You chop the soul eater into pieces!!!
You kill the soul eater!
Qazlal accepts your kill.
No target in view!
No target in view!
No target in view!
No target in view!
No target in view!
No target in view!
No target in view!
No target in view!
No target in view!
Things that are here:
a +0 dagger; a +0 leather armour
Things that are here:
a +0 short sword; a +0 leather armour
There is a huge open gate here.
There is a huge open gate leading to the Armoury (Hard) here.
There is an open door to the Entrance Hall (Safe) here.
There is a staircase leading out of the dungeon here.
You have escaped!

##########.##................''..
#...........'................''))
#'#####)#####......#..#......##.)
#.#...#.#[[##................##..
#.#...#.#))#####'#####''#########
#.#...'.#))##.......##''#########
#.##†####))##.......##......#...'
#.#.....#..##.○§○°..##....###...#
#.#.....#'###...@...##...##.+...+
#.#........##...§...##..##..##'##
#.#........##..§....##..#..##...#
#'###########.......##..#..#.....
#.)))...#..###########..'..'.....
#)###...#.############..#..#.....
#)#.....#)#....#..[[##..#..##...#
#)#...#.#'#....#..[.##..##..##'##
#.....#.#)))...'..))##...##.+...+


There were no monsters in sight!

Vanquished Creatures
  Dissolution (D)
  the Royal Jelly (D)
  Gloorx Vloq (D)
  Dispater (D)
  Tiamat (D)
  3 ancient liches (D)
  Mara (D)
  3 orbs of fire (D)
  Mennas (D)
  3 royal mummies (D)
  Boris (D)
  10 pandemonium lords (D)
  the Lernaean hydra (D)
  A Killer Klown (D)
  Xtahua (D)
  Margery (D)
  Frederick (D)
  2 curse toes (D)
  15 golden dragons (D)
  Jory (D)
  A profane servitor (D)
  4 electric golems (D)
  2 pearl dragons (D)
  4 Tzitzimimeh (D)
  A bone dragon (D)
  2 Brimstone Fiends (D)
  A Hell Sentinel (D)
  Rupert (D)
  A lich (D)
  A hellephant (D)
  3 Ice Fiends (D)
  27 Orb Guardians (D)
  6 titans (D)
  A tentacled monstrosity (D)
  3 deep elf blademasters (D)
  8 quicksilver dragons (D)
  5 deep elf master archers (D)
  4 acid blobs (D)
  Murray (D)
  16 shadow dragons (D)
  3 sphinxes (D)
  3 storm dragons (D)
  4 daevas (D)
  6 rockslimes (D)
  A nagaraja (D)
  A fire giant (D)
  Ilsuiw (D)
  3 deep elf sorcerers (D)
  4 draconian knights (D)
  2 balrugs (D)
  8 azure jellies (D)
  4 orc warlords (D)
  3 ghost moths (D)
  4 frost giants (D)
  A draconian scorcher (D)
  4 cacodemons (D)
  An emperor scorpion (D)
  7 iron dragons (D)
  4 draconian annihilators (D)
  2 angels (D)
  A stone giant (D)
  6 quicksilver oozes (D)
  2 reapers (D)
  An ophan (D)
  A draconian shifter (D)
  7 green draconians (D)
  4 deep elf demonologists (D)
  3 apis (D)
  4 black draconians (D)
  2 purple draconians (D)
  A minotaur (D)
  3 white draconians (D)
  2 dire elephants (D)
  2 lorocyprocas (D)
  4 red draconians (D)
  7 yellow draconians (D)
  3 eidola (D)
  6 blizzard demons (D)
  2 merfolk impalers (D)
  9 fire dragons (D)
  2 ettins (D)
  2 great orbs of eyes (D)
  2 merfolk javelineers (D)
  5 deep elf high priests (D)
  4 boulder beetles (D)
  A yaktaur captain (D)
  3 ogre magi (D)
  5 vault guards (D)
  17 ice dragons (D)
  5 catoblepae (D)
  3 hell beasts (D)
  A naga warrior (D)
  25 hydras (D)
  A two-headed ogre (D)
  A dancing weapon (D)
  3 death knights (D)
  3 death yaks (D)
  An iron elemental (D)
  A spriggan berserker (D)
  2 vampire magi (D)
  3 soul eaters (D)
  3 deep elf knights (D)
  Nergalle (D)
  9 hell knights (D)
  A sixfirhy (D)
  A fire crab (D)
  A shadow wraith (D)
  15 swamp dragons (D)
  2 wizards (D)
  4 lindwurms (D)
  2 spriggan druids (D)
  A harpy (shapeshifter) (D)
  A wolf spider (D)
  A deep elf zephyrmancer (D)
  3 large abominations (D)
  15 orc knights (D)
  A necromancer (D)
  An orc sorcerer (D)
  An ugly thing (D)
  A guardian serpent (D)
  4 elephants (D)
  An orange demon (D)
  An eye of devastation (D)
  2 smoke demons (D)
  3 unseen horrors (D)
  5 rime drakes (D)
  5 yaktaurs (D)
  6 komodo dragons (D)
  A hellion (D)
  2 ice devils (D)
  2 efreet (D)
  3 guardian mummies (D)
  2 demonic crawlers (D)
  A wind drake (D)
  A tyrant leech (D)
  2 trolls (D)
  2 jumping spiders (D)
  A wandering mushroom (D)
  A hornet (D)
  8 merfolk (D)
  11 dream sheep (D)
  A snapping turtle (D)
  7 redbacks (D)
  A spriggan (D)
  6 wyverns (D)
  2 tarantellas (D)
  2 fire elementals (D)
  A water elemental (D)
  A golden eye (D)
  5 basilisks (D)
  2 steam dragons (D)
  2 chaos spawn (D)
  A warg (D)
  5 acid dragons (D)
  2 water moccasins (D)
  5 floating eyes (D)
  3 small abominations (D)
  9 orc warriors (D)
  4 swamp drakes (D)
  A black bear (D)
  A necrophage (D)
  6 ogres (D)
  2 bullfrogs (D)
  3 gnoll sergeants (D)
  An earth elemental (D)
  2 scorpions (D)
  A killer bee (D)
  8 wights (D)
  A crimson imp (D)
  A gnoll shaman (D)
  4 orc priests (D)
  A quasit (D)
  A hound (D)
  An iron imp (D)
  A hell rat (D)
  An orc wizard (D)
  20 gnolls (D)
  A river rat (D)
  An adder (D)
  An ufetubus (D)
  7 orcs (D)
  A bat zombie (D)
  A goblin (D)
  7 jackals (D)
  A quokka (D)
  2 ball pythons (D)
  A bat (D)
  A frilled lizard (D)
  A giant cockroach simulacrum (D)
  A giant cockroach zombie (D)
  3 rats (D)
640 creatures vanquished.

Vanquished Creatures (collateral kills)
  A lich (D)
1 creature vanquished.

Vanquished Creatures (others)
  A ghost moth (D)
  A death yak (D)
  An orc knight (D)
  A dream sheep (D)
  An orc warrior (D)
  An orc (D)
6 creatures vanquished.

Grand Total: 647 creatures vanquished

Notes
Turn   | Place    | Note
-------+----------+-------------------------------------------
     0 | D        | mhtbhm the Minotaur Fighter began the quest for the Orb.
     0 | D        | Reached XP level 1. HP: 19/19 MP: 0/0
    18 | D        | Found a bloodstained altar of Trog.
    18 | D        | Found a shimmering blue altar of Sif Muna.
    18 | D        | Found a viscous altar of Jiyva.
    18 | D        | Found a hazy altar of Hepliaklqana.
    18 | D        | Found an opulent altar of Gozag.
    19 | D        | Found a glowing golden altar of the Shining One.
    19 | D        | Found a glowing silver altar of Zin.
    19 | D        | Found a basalt altar of Yredelemnul.
    19 | D        | Found a shimmering altar of Xom.
    19 | D        | Found an ornate altar of the Wu Jian Council.
    19 | D        | Found a sacrificial altar of Ru.
    19 | D        | Found a stormy altar of Qazlal.
    19 | D        | Found an iron altar of Okawaru.
    19 | D        | Found a sparkling altar of Nemelex Xobeh.
    19 | D        | Found a burning altar of Makhleb.
    19 | D        | Found a blossoming altar of Fedhas.
    19 | D        | Found a white marble altar of Elyvilon.
    19 | D        | Found a shadowy altar of Dithmenos.
    19 | D        | Found a snail-covered altar of Cheibriados.
    21 | D        | Found a radiant altar of Vehumet.
    21 | D        | Found a corrupted altar of Lugonu.
    22 | D        | Found a hide-covered altar of Uskayaw.
    22 | D        | Found an ancient bone altar of Kikubaaqudgha.
    22 | D        | Found a broken altar of Ashenzari.
    26 | D        | Became a worshipper of Qazlal Stormbringer
    71 | D        | Reached XP level 2. HP: 17/28 MP: 1/1
   189 | D        | Noticed a floating eye
   190 | D        | Reached * piety under Qazlal
   190 | D        | Paralysed by a floating eye for 2 turns
   194 | D        | Killed a floating eye
   195 | D        | Reached XP level 3. HP: 38/38 MP: 2/2
   195 | D        | Reached XP level 4. HP: 45/45 MP: 3/3
   199 | D        | Noticed a scorpion
   211 | D        | Killed a scorpion
   211 | D        | Reached ** piety under Qazlal
   212 | D        | Reached skill level 5 in Axes
   212 | D        | Reached XP level 5. HP: 45/53 MP: 4/4
   225 | D        | Reached skill level 1 in Dodging
   300 | D        | Reached *** piety under Qazlal
   322 | D        | Reached **** piety under Qazlal
   323 | D        | Reached XP level 6. HP: 31/62 MP: 5/5
   343 | D        | Reached ***** piety under Qazlal
   344 | D        | Reached skill level 10 in Shields
   348 | D        | Reached skill level 10 in Armour
   353 | D        | Reached XP level 7. HP: 49/69 MP: 6/6
   377 | D        | Reached ****** piety under Qazlal
   764 | D        | Noticed a guardian mummy
   764 | D        | Noticed a dream sheep
   764 | D        | Noticed a dream sheep
   764 | D        | Noticed a dream sheep
   764 | D        | Noticed a dream sheep
   764 | D        | Noticed a dream sheep
   764 | D        | Noticed a dream sheep
   769 | D        | Killed a dream sheep
   770 | D        | Reached skill level 10 in Axes
   770 | D        | Reached XP level 8. HP: 79/79 MP: 7/7
   776 | D        | Killed a dream sheep
   777 | D        | Reached skill level 10 in Fighting
   786 | D        | Killed a dream sheep
   793 | D        | Killed a dream sheep
   794 | D        | Killed a dream sheep
   796 | D        | Killed a dream sheep
   797 | D        | Reached XP level 9. HP: 33/86 MP: 8/8
   801 | D        | Killed a guardian mummy
  1078 | D        | Noticed a demonic crawler
  1085 | D        | Killed a demonic crawler
  1265 | D        | Noticed an elephant
  1274 | D        | Killed an elephant
  1275 | D        | Reached skill level 15 in Shields
  1285 | D        | Noticed a komodo dragon
  1285 | D        | Noticed a boulder beetle
  1290 | D        | Killed a komodo dragon
  1305 | D        | Killed a boulder beetle
  1306 | D        | Reached XP level 10. HP: 70/97 MP: 9/9
  1413 | D        | Noticed an elephant
  1421 | D        | Killed an elephant
  1422 | D        | Reached skill level 15 in Axes
  1436 | D        | Noticed a boulder beetle
  1436 | D        | Noticed a smoke demon
  1441 | D        | Killed a smoke demon
  1455 | D        | Killed a boulder beetle
  1797 | D        | Noticed a deep elf zephyrmancer
  1798 | D        | Paralysed by a floating eye for 3 turns
  1799 | D        | Noticed an elephant
  1802 | D        | Noticed a boulder beetle
  1808 | D        | Reached skill level 1 in Invocations
  1808 | D        | Reached XP level 11. HP: 107/107 MP: 10/10
  1813 | D        | Paralysed by a floating eye for 2 turns
  1818 | D        | Killed a shadow wraith
  1828 | D        | Killed a deep elf zephyrmancer
  1837 | D        | Killed a boulder beetle
  1850 | D        | Noticed a death knight
  1863 | D        | Killed a death knight
  1864 | D        | Reached skill level 5 in Invocations
  2034 | D        | Noticed an orc knight
  2048 | D        | Killed an orc knight
  2101 | D        | Noticed a large abomination
  2108 | D        | Killed a large abomination
  2275 | D        | Noticed a spriggan rider
  2330 | D        | Noticed a harpy
  2330 | D        | Noticed an apis
  2330 | D        | Noticed an orc knight
  2331 | D        | Found the +7 lajatang of Order {silver, rMut}
  2331 | D        | Noticed an eidolon
  2331 | D        | Noticed a spriggan druid
  2331 | D        | Identified the +1 rapier of Aroil {freeze, rC+}
  2336 | D        | Killed a harpy
  2337 | D        | Reached skill level 15 in Fighting
  2341 | D        | Killed a spriggan druid
  2355 | D        | Killed an eidolon
  2356 | D        | Reached XP level 12. HP: 37/121 MP: 8/16
  2361 | D        | Killed an apis
  2790 | D        | Noticed a deep elf sorcerer
  2793 | D        | Reached skill level 5 in Dodging
  2798 | D        | Noticed a death yak
  2802 | D        | Killed a death yak
  2802 | D        | Killed a deep elf sorcerer
  2802 | D        | Noticed an eidolon
  2802 | D        | Noticed an emperor scorpion
  2803 | D        | Reached skill level 1 in Stealth
  2817 | D        | Noticed a catoblepas
  2818 | D        | Killed an emperor scorpion
  2819 | D        | Noticed a boulder beetle
  2838 | D        | Killed a boulder beetle
  2840 | D        | HP: 5/118 [eidolon/bolt of negative energy (28)]
  2842 | D        | Killed an eidolon
  2988 | D        | Reached skill level 10 in Invocations
  2993 | D        | Killed a catoblepas
  3027 | D        | Identified the +1 great mace of Qazlal's Generosity {pain,
                  | +Rage Int-3 Dex+3}
  3027 | D        | Identified the ring "Etes" {Ice Fly rCorr SInv}
  3034 | D        | Reached XP level 13. HP: 32/130 MP: 19/19
  3629 | D        | Noticed an orc warlord
  3629 | D        | Noticed an orc warlord
  3630 | D        | Noticed a fire giant
  3641 | D        | Killed an orc warlord
  3642 | D        | Reached skill level 15 in Armour
  3642 | D        | Reached skill level 5 in Stealth
  3642 | D        | Reached skill level 1 in Evocations
  3646 | D        | Killed a fire giant
  3648 | D        | Killed an orc warlord
  3899 | D        | Noticed Nyocay the pandemonium lord
  3911 | D        | Killed Nyocay the pandemonium lord
  3912 | D        | Reached XP level 14. HP: 144/144 MP: 1/23
  4025 | D        | Noticed an angel
  4042 | D        | Killed an angel
  4058 | D        | Noticed a Hell Sentinel
  4072 | D        | Killed a Hell Sentinel
  4163 | D        | Noticed a red draconian annihilator
  4168 | D        | Killed a red draconian annihilator
  4313 | D        | Noticed an Ice Fiend
  4323 | D        | Killed an Ice Fiend
  4509 | D        | Noticed a deep elf blademaster
  4509 | D        | Noticed a titan
  4526 | D        | Killed a deep elf blademaster
  4527 | D        | Reached skill level 15 in Invocations
  4531 | D        | Killed a titan
  4588 | D        | Noticed a deep elf master archer
  4594 | D        | Killed a deep elf master archer
  4894 | D        | Noticed Mara
  4915 | D        | Noticed mhtbhm's illusion
  4919 | D        | Killed Mara
  5192 | D        | Noticed a cacodemon
  5200 | D        | Killed a cacodemon
  5216 | D        | Noticed an orb of fire
  5551 | D        | Noticed a Brimstone Fiend
  5565 | D        | Killed a Brimstone Fiend
  6046 | D        | Noticed an electric golem
  6074 | D        | Killed an electric golem
  6075 | D        | Reached XP level 15. HP: 27/156 MP: 26/26
  6535 | D        | Noticed a quicksilver dragon
  6544 | D        | Killed a quicksilver dragon
  6597 | D        | Noticed a pearl dragon
  6608 | D        | Killed a pearl dragon
  6742 | D        | Noticed an electric golem
  6760 | D        | Killed an electric golem
  6922 | D        | Noticed a storm dragon
  6927 | D        | Killed a storm dragon
  7095 | D        | Noticed an electric golem
  7122 | D        | Killed an electric golem
  7296 | D        | Noticed Dissolution
  7304 | D        | Killed Dissolution
  7595 | D        | Noticed a golden dragon
  7595 | D        | Noticed a shadow dragon
  7595 | D        | Noticed a quicksilver dragon
  7595 | D        | Noticed an iron dragon
  7595 | D        | Noticed a quicksilver dragon
  7595 | D        | Noticed a quicksilver dragon
  7595 | D        | Noticed a golden dragon
  7595 | D        | Noticed a golden dragon
  7595 | D        | Noticed a golden dragon
  7595 | D        | Noticed a golden dragon
  7595 | D        | Noticed a shadow dragon
  7595 | D        | Noticed a shadow dragon
  7595 | D        | Noticed a golden dragon
  7595 | D        | Noticed a shadow dragon
  7597 | D        | Noticed a golden dragon
  7597 | D        | Noticed a shadow dragon
  7597 | D        | Noticed a golden dragon
  7597 | D        | Noticed a golden dragon
  7597 | D        | Noticed a quicksilver dragon
  7597 | D        | Noticed a golden dragon
  7597 | D        | Noticed a shadow dragon
  7597 | D        | Noticed a shadow dragon
  7597 | D        | Noticed a shadow dragon
  7597 | D        | Noticed an iron dragon
  7597 | D        | Noticed a shadow dragon
  7597 | D        | Noticed a golden dragon
  7597 | D        | Noticed a shadow dragon
  7598 | D        | Killed a quicksilver dragon
  7598 | D        | Killed a quicksilver dragon
  7598 | D        | Killed a quicksilver dragon
  7598 | D        | Killed a shadow dragon
  7599 | D        | Reached skill level 27 in Shields
  7599 | D        | Reached XP level 16. HP: 149/170 MP: 20/28
  7601 | D        | Found the +10 morningstar "Eos" {elec, Halo rElec}
  7601 | D        | Found the +8 whip "Snakebite" {venom, curare, rPois}
  7601 | D        | Found the +8 demon trident "Rift" {distort, reach+}
  7601 | D        | Noticed a golden dragon
  7601 | D        | Killed a quicksilver dragon
  7601 | D        | Killed a golden dragon
  7601 | D        | Killed a shadow dragon
  7601 | D        | Killed a shadow dragon
  7602 | D        | Killed a shadow dragon
  7602 | D        | Killed a golden dragon
  7602 | D        | Killed a shadow dragon
  7602 | D        | Killed a golden dragon
  7602 | D        | Killed a shadow dragon
  7602 | D        | Killed a golden dragon
  7602 | D        | Killed a shadow dragon
  7602 | D        | Killed a golden dragon
  7602 | D        | Killed a golden dragon
  7602 | D        | Killed a shadow dragon
  7602 | D        | Killed a shadow dragon
  7602 | D        | Killed a golden dragon
  7602 | D        | Killed a golden dragon
  7602 | D        | Killed a golden dragon
  7603 | D        | Reached skill level 27 in Fighting
  7603 | D        | Reached skill level 27 in Axes
  7603 | D        | Reached XP level 17. HP: 57/191 MP: 7/32
  7603 | D        | Killed a golden dragon
  7619 | D        | Killed a golden dragon
  7622 | D        | Killed a golden dragon
  7622 | D        | Killed a golden dragon
  7623 | D        | Reached skill level 27 in Invocations
  7623 | D        | Reached skill level 5 in Evocations
  7624 | D        | HP: 5/191 [ice dragon/blast of cold (19)]
  8046 | D        | Noticed a golden dragon
  8059 | D        | Killed a golden dragon
  8060 | D        | Reached skill level 27 in Armour
  8098 | D        | Got the Compendium of the Creative Glacier
  8143 | D        | Got a golden rune of Zot
  8163 | D        | Got the ring "Vygguqel" {Fire MP+9 Stlth+}
  8271 | D        | Noticed Margery
  8284 | D        | Noticed an ancient lich
  8289 | D        | Reached skill level 1 in Throwing
  8289 | D        | Paralysed by a floating eye for 3 turns
  8292 | D        | Killed Margery
  8292 | D        | Killed an ancient lich
  8293 | D        | Reached skill level 10 in Throwing
  8293 | D        | Reached XP level 18. HP: 105/200 MP: 19/34
  8310 | D        | Reached skill level 10 in Stealth
  8535 | D        | Got the Guide on Feathers
  8537 | D        | Got Rocleon's Tome of Aerial Black Arts
  8553 | D        | Got the Catalogue of Fascination and Snow
  8561 | D        | Got Quffomaf's Volume of Orientation and Weightlessness
  8670 | D        | Got the amulet of Vecoq {RegenMP Int+4 Dex+2}
  8672 | D        | Got the amulet of Edalucw {*Corrode rPois rN+++ Regen+
                  | Int-3}
  8674 | D        | Got the amulet "Wokkab" {Spirit +Inv Int-5 Dex+2}
  8676 | D        | Got the amulet of Dim Light {RegenMP Harm Fragile rN++
                  | Regen+}
  8678 | D        | Got the ring of Life {rC++ rN++ Int+2 Slay+5}
  8680 | D        | Got the amulet "Zucwehoi" {Spirit rElec rF+ SInv}
  8683 | D        | Got the amulet of Nofiesch {Spirit Rampage rC+ Str+2 Dex-5}
  8686 | D        | Got the ring "Zuvvam" {Fly MP+9 Stlth+}
  8688 | D        | Got the ring of Kutrifau {rPois Will+ Str+6 Int-5 Slay+5}
  8690 | D        | Got the ring "Quamm" {Contam rPois rF+ Int+4 Slay+4}
  8694 | D        | Got the amulet of Ytoun {rElec Regen+}
  8696 | D        | Got the ring of Yborev {*Slow rElec rN+ Will+ Int+4}
  8698 | D        | Got the ring "Sockiux" {rF+ Dex+7 Slay+5}
  8728 | D        | Got the ring of Ycziame {rF+ Int+4 Dex+2 Slay-2}
  8730 | D        | Got the ring "Xysezub" {rPois rF+ rC+ Int-2 Dex+6}
  8732 | D        | Got the ring "Mibbasmu" {Fire rPois Slay+5}
  8734 | D        | Got the ring of Afymasol {+Blink Will+}
  8736 | D        | Got the ring "Bahulet" {*Slow rC+ Str+6 Dex+4}
  8738 | D        | Got the ring "Xicycar" {rC+ Str+3}
  8740 | D        | Got the ring of the Solstice {EV+6 Dex+4}
  8744 | D        | Got the ring "Tutec" {Fire rPois Stlth+}
  8746 | D        | Got the ring "Geitwyic" {Fire rN++ Will- MP+9 Dex+2}
  8748 | D        | Got the ring "Biczum" {Int+7 SInv}
  8750 | D        | Got the ring "Aggisou" {AC+6 Int+5}
  8752 | D        | Got the ring "Omieffev" {Drain rCorr Int+6 Dex+6}
  8755 | D        | Got the ring of Huokhlexe {Wiz rN+}
  8867 | D        | Gained mutation: You sometimes lose the ability to read
                  | scrolls when taking damage. [an orb of fire]
  8872 | D        | Killed an orb of fire
  8918 | D        | Noticed a Tzitzimitl
  8922 | D        | Killed a Tzitzimitl
  8928 | D        | Reached skill level 15 in Throwing
  8928 | D        | Noticed a Tzitzimitl
  8932 | D        | Killed a Tzitzimitl
  9117 | D        | Noticed an ancient lich
  9126 | D        | Killed an ancient lich
  9130 | D        | Noticed a Killer Klown
  9130 | D        | Noticed an Ice Fiend
  9139 | D        | Killed an Ice Fiend
  9143 | D        | Killed a Killer Klown
  9320 | D        | Noticed a bone dragon
  9320 | D        | Noticed a Tzitzimitl
  9329 | D        | Killed a bone dragon
  9335 | D        | Killed a Tzitzimitl
  9336 | D        | Reached skill level 15 in Stealth
  9708 | D        | Noticed Hirrar the pandemonium lord
  9709 | D        | Noticed Boris
  9709 | D        | Noticed Frederick
  9718 | D        | Killed Frederick
  9719 | D        | Killed Boris
  9720 | D        | Reached XP level 19. HP: 176/207 MP: 10/35
  9720 | D        | Noticed a royal mummy
  9726 | D        | Killed Hirrar the pandemonium lord
  9739 | D        | Killed a royal mummy
  9740 | D        | Noticed Honoim the pandemonium lord
  9746 | D        | Noticed Fopnul the pandemonium lord
  9751 | D        | Noticed Hesedyin the pandemonium lord
  9753 | D        | Killed Honoim the pandemonium lord
  9759 | D        | Killed Hesedyin the pandemonium lord
  9764 | D        | Lost mutation: You sometimes lose the ability to read
                  | scrolls when taking damage. [potion of mutation]
  9764 | D        | Gained mutation: You sometimes lose the ability to read
                  | scrolls when taking damage. [potion of mutation]
  9764 | D        | Gained mutation: Your mind is acute. (Int +2) [potion of
                  | mutation]
  9764 | D        | Gained mutation: Your system is resistant to poisons.
                  | (rPois) [potion of mutation]
  9768 | D        | Killed Fopnul the pandemonium lord
  9810 | D        | Noticed a royal mummy
  9822 | D        | Noticed Xtahua
  9823 | D        | Killed a royal mummy
  9831 | D        | Noticed Murray
  9832 | D        | Killed Xtahua
  9837 | D        | Killed Murray
  9875 | D        | Noticed a Brimstone Fiend
  9876 | D        | Killed a Brimstone Fiend
  9878 | D        | Noticed an orb of fire
 10236 | D        | Killed an orb of fire
 10239 | D        | Lost mutation: Your system is resistant to poisons. (rPois)
                  | [potion of mutation]
 10239 | D        | Lost mutation: You sometimes lose the ability to read
                  | scrolls when taking damage. [potion of mutation]
 10239 | D        | Gained mutation: You have sharp toenails. [potion of
                  | mutation]
 10256 | D        | Got the ring of Cenavink {Fly rF+ Str+3 Stlth+}
 10262 | D        | Got the amulet "Luso" {Acrobat *Corrode rF++ MP+9 Slay+2}
 10266 | D        | Got the ring of Leaves {Ice Will++}
 10268 | D        | Got the ring "Tyusch" {Fly rC+ rN+}
 10270 | D        | Got the amulet of Qoyq {RegenMP Int+3}
 10274 | D        | Got an iron rune of Zot
 10276 | D        | Got the ring "Hekhanez" {Str+6 Slay+2}
 10596 | D        | Identified the +0 tower shield of Valiance {rElec Str+9
                  | Int-5}
 10599 | D        | Noticed a curse toe
 10601 | D        | Killed a curse toe
 10624 | D        | Noticed an orb of fire
 10625 | D        | Reached XP level 20. HP: 194/216 MP: 20/36
 10632 | D        | Gained mutation: You are clumsy. (Dex -2) [an orb of fire]
 10633 | D        | Killed an orb of fire
 10640 | D        | Noticed the 27-headed Lernaean hydra
 10648 | D        | Killed the 27-headed Lernaean hydra
 10659 | D        | Reached skill level 27 in Evocations
 10674 | D        | Noticed Mennas
 10678 | D        | Killed Mennas
 10679 | D        | Reached skill level 27 in Throwing
 10753 | D        | Got the amulet "Valokas" {RegenMP *Corrode rPois Int+3}
 10776 | D        | Got the amulet of the Tempest {Spirit rPois rC+ SInv}
 10778 | D        | Got the amulet "Ahuojin" {Faith rPois rN+ Str-2 Dex+3}
 10780 | D        | Got the ring of Compassion {rC+ rN+ EV+4 Dex+4 SInv}
 10782 | D        | Got the ring of the Okapi {rPois rC+ Dex+4}
 10784 | D        | Got the ring "Qas Diz" {rPois rF+ rN+ Dex-2 Stlth+}
 10810 | D        | Got the ring of Agefyrim {Ice rPois}
 10812 | D        | Got the ring of Cowardice {Drain rElec rF+ Int-4 SInv}
 10913 | D        | Noticed Rupert
 10916 | D        | Noticed Ilsuiw
 10917 | D        | Killed Ilsuiw
 10917 | D        | Noticed Nergalle
 10923 | D        | Killed Rupert
 10923 | D        | Killed Nergalle
 10924 | D        | Reached skill level 27 in Stealth
 10925 | D        | Reached skill level 1 in Slings
 10925 | D        | Reached skill level 1 in Conjurations
 10925 | D        | Reached skill level 1 in Hexes
 10925 | D        | Reached skill level 1 in Summonings
 10925 | D        | Reached skill level 1 in Necromancy
 10925 | D        | Reached skill level 1 in Translocations
 10925 | D        | Reached skill level 1 in Transmutations
 10925 | D        | Reached skill level 1 in Fire Magic
 10925 | D        | Reached skill level 1 in Ice Magic
 10925 | D        | Reached skill level 1 in Air Magic
 10925 | D        | Reached skill level 1 in Earth Magic
 10925 | D        | Reached skill level 1 in Poison Magic
 10934 | D        | Noticed a profane servitor
 10940 | D        | Identified the ring of Taufuad {*Slow rN+ Dex+6 SInv}
 10953 | D        | Killed a profane servitor
 10954 | D        | Reached skill level 10 in Dodging
 10966 | D        | Identified the amulet "Soidist" {Reflect rC+++ Will+ Str-4
                  | SH+5}
 10988 | D        | Reached skill level 15 in Dodging
 10988 | D        | Reached XP level 21. HP: 99/224 MP: 19/37
 11261 | D        | Noticed Jory
 11271 | D        | Killed Jory
 11280 | D        | Got the Compendium of Translocation and Earth
 11439 | D        | Got the ring of Siakhlot {Fire *Corrode rPois Str+2 Int+3}
 11470 | D        | Noticed a golden dragon
 11472 | D        | Killed a golden dragon
 11500 | D        | Got a silver rune of Zot
 11500 | D        | Got the ring "Utumoa" {rPois Int+6}
 11505 | D        | Got the ring of Udof {rElec rPois rF+ Will+ Slay+2}
 11647 | D        | Noticed Daix the pandemonium lord
 11656 | D        | Killed Daix the pandemonium lord
 11657 | D        | Reached skill level 27 in Dodging
 11657 | D        | Reached skill level 5 in Spellcasting
 11666 | D        | Learned a level 8 spell: Maxwell's Capacitive Coupling
 11814 | D        | Reached skill level 5 in Air Magic
 11816 | D        | Gained mutation: You occasionally shout uncontrollably at
                  | your foes. [a cacodemon]
 11823 | D        | Noticed a curse toe
 11830 | D        | Killed a curse toe
 11831 | D        | Reached skill level 10 in Spellcasting
 11834 | D        | Reached skill level 10 in Air Magic
 11894 | D        | Found the +4 dragonskin cloak
 11894 | D        | Noticed Tiamat
 11895 | D        | Found the +4 staff of Dispater
 11895 | D        | Noticed Dispater
 11900 | D        | Reached XP level 22. HP: 226/233 MP: 22/39
 11901 | D        | Reached skill level 15 in Air Magic
 11907 | D        | Reached skill level 15 in Spellcasting
 11917 | D        | Killed Tiamat
 11927 | D        | Killed Dispater
 11930 | D        | Noticed a royal mummy
 11931 | D        | Noticed an ancient lich
 11951 | D        | Killed an ancient lich
 11966 | D        | Killed a royal mummy
 12468 | D        | Noticed Raituhiz the pandemonium lord
 12468 | D        | Noticed Gloorx Vloq
 12468 | D        | Noticed Julyri the pandemonium lord
 12469 | D        | Killed Julyri the pandemonium lord
 12470 | D        | Killed Raituhiz the pandemonium lord
 12472 | D        | Killed Gloorx Vloq
 12476 | D        | Noticed Cantum the pandemonium lord
 12480 | D        | Noticed the Royal Jelly
 12485 | D        | Killed Cantum the pandemonium lord
 12486 | D        | Reached XP level 23. HP: 112/240 MP: 21/48
 12489 | D        | Killed the Royal Jelly
 12909 | D        | Got the Orb of Zot
 12970 | D        | Noticed Dygi the pandemonium lord
 12973 | D        | Killed Dygi the pandemonium lord
 13063 | D        | Escaped with the Orb!

Illustrated notes

Levels and vault maps discovered:
D:        pitsprint [storerooms_1, entrance_room_1, metal_vault_6, armoury_3,
          mini_pit_1, grid_room_1, main_hall_1, silver_pit, the_coven_3,
          the_vestibule_1, steel_vault_2, golden_pit, hallway_of_sentries,
          crystal_vault_2, iron_vault_2, final_vault]

Skill      XL: |  1  2  3  4  5  6  7  8  9 10 11 12 13 14 15 16 17 18 19 20 21 22 23 |
---------------+----------------------------------------------------------------------+-----
Fighting       | 4 6 7 8 9 10 12 13 15 16 18 20 22 27 | 27.0
Armour         | 4 7 8 9 10 11 12 13 14 16 18 20 23 27 | 27.0
Shields        | 4 6 7 8 10 12 14 15 17 19 20 21 24 27 | 27.0
Axes           | 4 5 7 8 10 12 14 17 19 20 21 23 25 27 | 27.0
Dodging        | 1 2 3 4 6 15 27 | 27.0
Invocations    | 1 7 10 13 16 19 25 27 | 27.0
Stealth        | 3 7 9 15 20 27 | 27.0
Evocations     | 1 2 4 16 19 25 27 | 27.0
Throwing       | 10 19 25 27 | 27.0
Short Blades   | 3 |  3.1
Long Blades    | 2 |  2.9
Maces & Flails | 3 |  3.0
Polearms       | 4 |  4.3
Staves         | 3 |  3.0
Slings         | 2 |  2.6
Bows           | 3 |  3.1
Crossbows      | 3 |  3.0
Unarmed Combat | 3 |  3.1
Conjurations   | 2 |  2.0
Hexes          | 1 |  1.8
Summonings     | 2 |  2.0
Necromancy     | 2 |  2.0
Translocations | 2 |  2.0
Transmutations | 2 |  2.2
Fire Magic     | 2 |  2.0
Ice Magic      | 2 |  2.0
Air Magic      | 2 14 22 23 | 23.4
Earth Magic    | 2 |  2.2
Poison Magic   | 2 |  2.0
Spellcasting   | 14 22 23 | 23.8

Action                   |  1- 3 |  4- 6 |  7- 9 | 10-12 | 13-15 | 16-18 | 19-21 | 22-24 || total
-------------------------+-------+-------+-------+-------+-------+-------+-------+-------++-------
Melee: Hand axe          |    12 |    72 |    80 |       |       |       |       |       ||   164
       Headbutt          |     2 |    15 |    24 |    71 |    69 |    40 |    73 |    21 ||   315
       War axe           |     1 |       |       |       |       |       |       |       ||     1
       Broad axe         |       |       |    31 |   246 |   242 |   121 |   250 |    71 ||   961
Throw: Boomerang         |       |       |       |     1 |       |     4 |       |       ||     5
       Dart              |       |       |       |       |       |     2 |       |       ||     2
 Cast: Maxwell's Capacit |       |       |       |       |       |       |       |     2 ||     2
Invok: Disaster Area     |       |       |       |     2 |     5 |    10 |    15 |     8 ||    40
       Upheaval          |       |       |       |       |       |     2 |     6 |     3 ||    11
       Elemental Force   |       |       |       |       |       |       |       |     1 ||     1
Evoke: Condenser vane    |       |       |       |     2 |     3 |     1 |     5 |     1 ||    12
       Box of beasts     |       |       |       |       |     1 |     1 |     1 |       ||     3
       Phantom mirror    |       |       |       |       |       |       |     2 |       ||     2
       Tin of tremorston |       |       |       |       |       |       |     1 |     1 ||     2
  Use: Potion            |       |     3 |       |     6 |    11 |     8 |    12 |     5 ||    45
       Scroll            |       |       |       |       |     1 |     3 |     2 |       ||     6
 Stab: Confused          |       |       |       |     3 |       |       |       |       ||     3
       Invisible         |       |       |       |       |     9 |     1 |       |       ||    10
       Petrifying        |       |       |       |       |       |       |     3 |       ||     3
       Petrified         |       |       |       |       |       |       |     2 |       ||     2
Armor: Scale mail        |     2 |     7 |       |       |       |       |       |       ||     9
       Plate armour      |       |    32 |    19 |       |       |       |       |       ||    51
       Chain mail        |       |       |    11 |    66 |       |       |       |       ||    77
       Gold dragon scale |       |       |       |       |    78 |    66 |    60 |    26 ||   230
Dodge: Dodged            |     4 |    27 |    25 |    30 |    37 |    19 |    45 |    20 ||   207
       Repelled          |       |       |       |       |     4 |     2 |     3 |     3 ||    12
Block: Kite shield       |     2 |    94 |    90 |   207 |    35 |       |       |       ||   428
       Tower shield      |       |       |       |       |   234 |   180 |   302 |   116 ||   832
       Reflection        |       |       |       |       |       |     3 |       |       ||     3

Table legend: (Time is in decaauts) A = Elapsed time spent in this place. B = Non-inter-level travel time spent in this place. C = Inter-level travel time spent in this place. D = Time resting spent in this place. E = Time spent auto-exploring this place. F = Levels seen in this place. G = Mean time per level. A B C D E F G +--------+--------+--------+--------+--------+-----+--------+ Total | 12827 | 12794 | 33 | 8181 | 311 | 1 | 12827.0 | Dungeon | 12827 | 12794 | 33 | 8181 | 311 | 1 | 12827.0 | +--------+--------+--------+--------+--------+-----+--------+

Top non-repeatable levels by time:
       D: 12827 daAuts
